AoeStats
← MatiGyEJ

Lombardia

510190319Analyzed
2v2 RM · 3d ago on Sep 29, 2026· 46m 46s· 4 players
Game mode
Random Map
Map size
Medium (4 player)
Population
200
Speed
Normal
Resources
Standard
Victory
Conquest
Starting age
Dark Age
Ending age
Imperial Age
RankedLock teamsTeams togetherTeam positionsShared explorationLock speedFull tech treeHidden civsTurbo modeCheats
Victory
Defeat
🇦🇷 Khmer · Argentina
702
+14
🇦🇷 Varangians · Argentina
689
+15
🇦🇷 Maya · Argentina
669
-15
🇦🇷 Khmer · Argentina
659
-14
Hanson
1:09 Loom
9:41 Feudal Age
13:15 Wheelbarrow
22:30 Castle Age
23:38 Scale Mail Armor
23:49 Forging
23:49 Eagle Warrior
28:39 Hand Cart
29:51 Coinage
29:26 Caravan
32:45 Chain Mail Armor
34:52 Iron Casting
42:23 Imperial Age
41:11 Horse Collar
41:22 Double-Bit Axe
43:19 Fortified Wall
43:56 Pikeman
45:50 Plate Mail Armor
MatiGyEJ
0:31 Loom
8:00 Feudal Age
14:17 Castle Age
17:06 Double-Bit Axe
19:46 Crossbowman
31:26 Imperial Age
29:55 Gold Mining
30:18 Bow Saw
30:03 Stone Mining
31:40 Pikeman
34:51 Chemistry
35:41 Ballistics
36:19 Gold Shaft Mining
36:07 Arson
37:09 Halberdier
40:13 Heavy Scorpion
Lxvx
3:03 Loom
10:49 Feudal Age
11:32 Double-Bit Axe
11:57 Horse Collar
12:15 Man-at-Arms
21:25 Castle Age
19:54 Gold Mining
20:42 Stone Mining
22:20 Bloodlines
23:24 Town Watch
24:06 Heavy Plow
25:05 Gambesons
26:43 Wheelbarrow
27:57 Bow Saw
27:29 Light Cavalry
29:59 Husbandry
30:11 Forging
30:07 Scale Barding Armor
30:03 Scale Mail Armor
31:03 Squires
33:31 Stone Shaft Mining
36:20 Imperial Age
34:42 Ballistics
38:04 Two-Man Saw
38:16 Vendel Legacy
39:21 Elite Jarl
39:30 Elite Jarl
40:12 Arson
41:07 Capped Ram
42:15 Fervor
42:34 Conscription
43:02 Siege Ram
43:05 Onager
44:09 Siege Ram
45:25 Elite Varangian Guard
[FAMILIA] TORETTO SOLARIUM
12:44 Feudal Age
13:07 Horse Collar
14:11 Wheelbarrow
18:20 Double-Bit Axe
21:27 Forging
21:24 Scale Barding Armor
25:59 Castle Age
24:28 Bloodlines
26:11 Light Cavalry
26:52 Husbandry
27:38 Hand Cart
28:55 Bow Saw
28:51 Heavy Plow
29:29 Iron Casting
36:23 Gold Mining
39:10 Imperial Age
39:49 Hussar
43:25 Blast Furnace
43:33 Chain Barding Armor
44:33 Conscription
47:20 Ballistics
48:01 Chemistry
46:33 Crossbowman
Connection lost

Rejoining the realm…

Still unreachable

The connection could not be restored.

Session expired

The server has moved on; the page needs a fresh start.